 Dungeon Crawl Stone Soup version 0.28-a0-771-g91a516d0e7 (webtiles) character file.

Game seed: 14385531787877233817

506 BlueGoblin the Firebug (level 7, -16/46 HPs)
             Began as an Octopode Cinder Acolyte on Nov 1, 2021.
             Was a High Priest of Ignis.
             Killed from afar by Dowan (28 damage)
             ... with a shard of ice
             ... on level 4 of the Dungeon.
             The game lasted 00:10:02 (5086 turns).

BlueGoblin the Firebug (Octopode Cinder Acolyte)    Turns: 5086, Time: 00:10:02

Health: -16/46     AC:  1    Str: 13    XL:     7   Next: 18%
Magic:  13/13      EV: 12    Int: 19    God:    Ignis [*****.]
Gold:   121        SH:  0    Dex:  7    Spells: 12/14 levels left

rFire   + . .      SeeInvis .   a - -1 short sword (flame)
rCold   . . .      Faith    .   (no shield)
rNeg    . . .      Spirit   .   (helmet restricted)
rPois   .          Reflect  .   (no amulet)
rElec   .          Harm     .   g - ring of resist corrosion
rCorr   +          Rampage  .   (no ring)
Will    .....                   (no ring)
Stlth   ++........              (no ring)
HPRegen 0.15/turn               (no ring)
MPRegen 0.13/turn               (no ring)
                                (no ring)
                                (no ring)

@: no status effects
A: almost no armour, amphibious, 8 rings, camouflage 1, gelatinous body 1,
(nimble swimmer 1), tentacles
a: Renounce Religion, Sea of Fire, Foxfire Swarm, Rising Flame


You were on level 4 of the Dungeon.
You worshipped Ignis.
Ignis was extremely pleased with you.
You visited 1 branch of the dungeon, and saw 4 of its levels.

You collected 121 gold pieces.

Inventory:

Hand Weapons
 a - a -1 short sword of flaming (weapon)
 d - a +0 dagger of distortion
Jewellery
 g - a ring of resist corrosion (left tentacle)
Wands
 b - a wand of acid (3)
Scrolls
 i - a scroll of identify
Potions
 c - a potion of curing {unknown}
 e - a potion of lignification {unknown}
 f - a potion of might {unknown}
 h - a potion of degeneration {unknown}


   Skills:
 - Level 3.0 Fighting
 - Level 3.0 Short Blades
 + Level 1.5 Dodging
 + Level 4.4 Spellcasting
 + Level 5.9 Fire Magic


You had 12 spell levels left.
You knew the following spells:

 Your Spells              Type           Power      Damage    Failure   Level
a - Scorch                Fire           52%        2d8       1%          2

Your spell library contained the following spells:

 Spells                   Type           Power      Damage    Failure   Level
 Ensorcelled Hibernation  Hex/Ice        8%         N/A       21%         2
 Static Discharge         Conj/Air       4%         N/A       21%         2
 Tukima's Dance           Hex            4%         N/A       36%         3
 Sticky Flame             Conj/Fire      15%        2d4       36%         4
 Dispel Undead            Necr           4%         3d7       78%         4
 Fulminant Prism          Conj/Hex       2%         3d6       78%         4
 Iskenderun's Mystic Bla  Conj/Tloc      4%         2d3       78%         4
 Lee's Rapid Deconstruct  Erth           2%         3d5*      98%         5


Dungeon Overview and Level Annotations

Branches:
Dungeon (4/15)
 Temple: D:4-7

Altars:

Annotations:
D:4 Dowan


Innate Abilities, Weirdness & Mutations

You cannot wear most types of armour.
You are amphibious.
You can wear up to eight rings at the same time.
Your skin changes colour to match your surroundings (Stealth+).
Your rubbery body absorbs attacks. (AC +1, EV +1)
((You are camouflaged near water. (Stealth+)))
You have tentacles for arms and can constrict up to eight enemies at once.


Message History

The bolt of acid hits Duvessa!
Duvessa is moderately wounded.
Aiming: Corrosive Bolt
Press: ? - help, Shift-Dir - straight line, f/p - Duvessa
Aim: Duvessa, wielding a +2 short sword of electrocution and wearing a +0 leather armour (moderately wounded, 75% to hit)
The bolt of acid hits Duvessa!
The acid corrodes Duvessa!
Duvessa is severely wounded.
Dowan shouts!
Dowan mumbles some strange words.
Dowan blinks!
Aiming: Corrosive Bolt
Press: ? - help, Shift-Dir - straight line, f/p - Duvessa
Aim: Duvessa, wielding a +2 short sword of electrocution and wearing a +0 leather armour (severely wounded, covered in acid, 75% to hit)
The bolt of acid misses Duvessa.
Dowan casts a spell at you. The puff of flame hits you. You resist.
Duvessa hits you with a +2 short sword of electrocution!
Aiming: Corrosive Bolt
Press: ? - help, Shift-Dir - straight line, f/p - Duvessa
Aim: Duvessa, wielding a +2 short sword of electrocution and wearing a +0 leather armour (severely wounded, covered in acid, 75% to hit)
The bolt of acid hits Duvessa.
Duvessa seems to be corroded for longer.
Duvessa is almost dead.
Dowan says, "Magic and the sword, together, will defeat you."
Duvessa hits you with a +2 short sword of electrocution!
* * * LOW HITPOINT WARNING * * *
Aiming: Corrosive Bolt
Press: ? - help, Shift-Dir - straight line, f/p - Duvessa
Aim: Duvessa, wielding a +2 short sword of electrocution and wearing a +0 leather armour (severely wounded, covered in acid, 75% to hit)
The bolt of acid hits Duvessa!!
Duvessa seems to be corroded for longer.
You kill Duvessa!
Dowan screams, "No!
No!"
Dowan seems to find hidden reserves of power!
Dowan breathes, "And she was my only..."
You have reached level 7!
Dowan points at you and mumbles some strange words.
The shard of ice hits you!!
Ouch! That really hurt!
You die...

#.........#
#...$.....##
#..........##
#...........####
#.....$.........
#.............. .......
#..............
.....(.##....e....# #
?.............)@<.# .#
#................##.#
#....!#........#....#
#..................##
#.....#...####..†.##
#≈..e......##...#..#
##≈..#..............##
#≈≈≈#................#
##≈≈≈#.#........[...#.#


You could see Dowan (fast).

Vanquished Creatures
  Duvessa (D:4)
  An ogre (D:4)
  An orc priest (D:3)
  Natasha (D:4)
  2 iguanas
  An orc wizard (D:3)
  7 gnolls
  4 adders
  A howler monkey skeleton (D:4)
  2 dart slugs
  3 orcs (D:3)
  8 ball pythons
  4 endoplasms
  6 giant cockroaches
  3 hobgoblins (D:1)
  3 jackals
  4 kobolds
  3 quokkas
  8 bats
  6 frilled lizards
  7 goblins
  3 rats
79 creatures vanquished.

Vanquished Creatures (others)
  2 fungi (D:2)
  4 plants (D:2)
6 creatures vanquished.

Grand Total: 85 creatures vanquished

Notes
Turn   | Place    | Note
-------+----------+-------------------------------------------
     0 | D:1      | BlueGoblin the Octopode Cinder Acolyte began the quest for
                  | the Orb.
     0 | D:1      | Reached XP level 1. HP: 16/16 MP: 2/2
   162 | D:1      | Reached XP level 2. HP: 21/21 MP: 3/3
   851 | D:1      | Reached skill level 4 in Fire Magic
   851 | D:1      | Reached XP level 3. HP: 26/26 MP: 4/4
   854 | D:1      | Learned a level 2 spell: Scorch
  1354 | D:2      | Reached XP level 4. HP: 10/31 MP: 2/6
  1661 | D:2      | Reached skill level 1 in Dodging
  1898 | D:2      | Found a faded altar of an unknown god.
  2805 | D:3      | Reached XP level 5. HP: 10/36 MP: 1/8
  3076 | D:3      | Reached skill level 5 in Fire Magic
  3883 | D:4      | Noticed an ogre
  3929 | D:3      | Reached XP level 6. HP: 16/42 MP: 2/10
  4341 | D:4      | Noticed Duvessa
  4712 | D:4      | Noticed Natasha
  4715 | D:4      | Killed Natasha
  4722 | D:4      | Noticed Dowan
  5085 | D:4      | Killed Duvessa
  5086 | D:4      | Reached XP level 7. HP: 12/46 MP: 13/13
  5086 | D:4      | Killed from afar by Dowan

Illustrated notes

Levels and vault maps discovered:
D:1:      dpeg_arrival_short_road, layout_loops_ring, minmay_crystal_water,
          lemuel_old_faithful
D:2:      layout_basic, dreamdust_ecumenical_altar_grove
D:3:      layout_basic, chequers_serial_rivers_large_a
D:4:      cheibrodos_thug_alley, layout_rooms, uniq_duvessa, uniq_natasha

Skill      XL: |  1  2  3  4  5  6 |
---------------+-------------------+-----
Fire Magic     | 4 5 |  5.9
Dodging        | 1 |  1.5
Spellcasting   | 2 3 4 |  4.4
Fighting       | |  3.0
Short Blades   | |  3.0

Action                   |  1- 3 |  4- 6 |  7- 9 || total
-------------------------+-------+-------+-------++-------
Melee: Short sword       |    45 |    27 |       ||    72
       Constrict         |    11 |     5 |       ||    16
       Tentacles         |     3 |     5 |       ||     8
 Cast: Scorch            |     7 |    70 |       ||    77
Evoke: Wand              |       |     5 |       ||     5
  Use: Scroll            |       |     5 |       ||     5
       Potion            |       |     1 |       ||     1
 Stab: Sleeping          |     5 |       |       ||     5
Armor: Skin              |     4 |     2 |       ||     6
Dodge: Dodged            |    27 |    30 |       ||    57

Table legend: (Time is in decaauts)
 A = Elapsed time spent in this place.
 B = Non-inter-level travel time spent in this place.
 C = Inter-level travel time spent in this place.
 D = Time resting spent in this place.
 E = Time spent auto-exploring this place.
 F = Levels seen in this place.
 G = Mean time per level.
                   A        B        C        D        E       F      G
               +--------+--------+--------+--------+--------+-----+--------+
         Total |   5088 |   4888 |    200 |   1204 |   2830 |   4 | 1272.0 |
       Dungeon |   5088 |   4888 |    200 |   1204 |   2830 |   4 | 1272.0 |
               +--------+--------+--------+--------+--------+-----+--------+

Top non-repeatable levels by time:
     D:3: 2049 daAuts
     D:2: 1781 daAuts
     D:1: 883 daAuts
     D:4: 374 daAuts
